 Dungeon Crawl Stone Soup version 0.20.1-1-g8b1a95d (webtiles) character file.

43 Knicklaso the Skirmisher (level 3, -1/37 HPs)
             Began as an Ogre Warper on July 25, 2017.
             Slain by a white imp (4 damage)
             ... summoned by Natasha
             ... on level 2 of the Dungeon.
             The game lasted 00:04:02 (1422 turns).

Knicklaso the Skirmisher (Ogre Warper)              Turns: 1422, Time: 00:04:02

Health: -1/37      AC:  3    Str: 16    XL:     3   Next: 58%
Magic:  2/6        EV: 10    Int: 14    God:
Gold:   58         SH:  0    Dex:  8    Spells: 3/7 levels left

rFire    . . .     SeeInvis .   a - +0 mace
rCold    . . .     Gourm    .   (no shield)
rNeg     . . .     Faith    .   b - +0 robe
rPois    .         Spirit   .   (helmet restricted)
rElec    .         Reflect  .   (no cloak)
rCorr    .         Harm     .   (gloves unavailable)
MR       .....                  (boots unavailable)
Stlth    +.........             (no amulet)
Regen    0.2/turn               (no ring)
MPRegen  0.1/turn               (no ring)

@: shrouded
A: unfitting armour, tough skin 1
a: no special abilities


You were on level 2 of the Dungeon.
You were not hungry.

You visited 1 branch of the dungeon, and saw 2 of its levels.

You collected 58 gold pieces.

Inventory:

Hand Weapons
 a - a +0 mace (weapon)
Missiles
 g - 3 stones (quivered)
Armour
 b - a +0 robe (worn)
Scrolls
 d - a scroll of blinking
 h - a scroll of remove curse {unknown}
 i - 2 scrolls of amnesia {unknown}
 j - 2 scrolls of identify {unknown}
Potions
 l - a potion of resistance {unknown}
Books
 c - a book of Spatial Translocations

   Spells                             Type                      Level
   a - Blink                          Translocation                2
   b - Shroud of Golubria             Charms/Translocation         2
   c - Lesser Beckoning               Translocation                3
   d - Gell's Gravitas                Translocation                3
   e - Teleport Other                 Translocation                3
   f - Passage of Golubria            Translocation                4
Comestibles
 f - 2 bread rations
 k - 4 fruits
 m - a chunk of flesh


   Skills:
 + Level 3.5 Fighting
 * Level 2.8 Maces & Flails
 - Level 1.0 Throwing
 - Level 2.1 Dodging
 + Level 2.6 Spellcasting
 + Level 2.8 Translocations


You had 3 spell levels left.
You knew the following spells:

 Your Spells              Type           Power        Failure   Level  Hunger
a - Shroud of Golubria    Chrm/Tloc      #.........   19%         2    ###....
b - Blink                 Tloc           N/A          11%         2    ###....


Dungeon Overview and Level Annotations

Branches:
Dungeon (2/15)

Altars:

Annotations:
D:2 Natasha


Innate Abilities, Weirdness & Mutations

You are too large for most types of armour.
You have tough skin. (AC +1)


Message History

Natasha claws you!
* * * LOW HITPOINT WARNING * * *
Throwing (i - inventory. (,) - cycle):
e - a tomahawk of dispersal (quivered)
Press: ? - help, Shift-Dir - straight line, f/p - Natasha
Aim: Natasha (heavily wounded)
You throw a tomahawk of dispersal. The tomahawk of dispersal hits Natasha.
Natasha blinks!
Natasha is almost dead.
You hit the crimson imp but do no damage.
The white imp hits you but does no damage.
The crimson imp hits you but does no damage.
You hit the crimson imp.
The crimson imp is moderately wounded.
The crimson imp disappears in a puff of smoke!
The white imp hits you but does no damage.
Your shroud bends the white imp's attack away.
You hit the white imp but do no damage. The white imp hits you.
* * * LOW HITPOINT WARNING * * *
The white imp freezes you.
You die...

#. ######### #.
#...h..h# #.
#.#####5### #.
##@..#############.
#...>...........##.
#.....#.##########.##.
##.#...... #####..#.
...+.......+..........
###
#.......########...
........... .......
#..########## #####..
#.. ....


You could see Natasha and a white imp.

Vanquished Creatures
  An adder (D:2)
  2 giant cockroaches (D:1)
  6 goblins
  7 hobgoblins
  5 bats
  4 frilled lizards
  4 kobolds
  4 rats
33 creatures vanquished.

Notes
Turn   | Place    | Note
-------+----------+-------------------------------------------
     0 | D:1      | Knicklaso the Ogre Warper began the quest for the Orb.
     0 | D:1      | Reached XP level 1. HP: 22/22 MP: 3/3
   299 | D:1      | Reached skill level 3 in Fighting
   299 | D:1      | Reached XP level 2. HP: 28/31 MP: 5/5
   932 | D:2      | Learned a level 2 spell: Shroud of Golubria
   935 | D:2      | Learned a level 2 spell: Blink
   947 | D:2      | Reached XP level 3. HP: 36/37 MP: 6/6
  1388 | D:2      | Noticed Natasha
  1422 | D:2      | Slain by a white imp

Skill      XL: |  1 |
---------------+----+-----
Maces & Flails | 2 |  2.8
Fighting       | 3 |  3.5
Throwing       | |  1.0
Dodging        | |  2.1
Spellcasting   | |  2.6
Translocations | |  2.8

Action                   || total
-------------------------++-------
Melee: Mace              ||   103
Throw: Stone             ||    63
       Tomahawk          ||     5
 Cast: Shroud of Golubri ||     6
  Eat: Chunk             ||     2
Armor: Robe              ||    35
Dodge: Dodged            ||    69
